Construct Infanterie Kompanie
Selects Italian Coastal Battlegroup
Selects Italian Coastal Battlegroup
Selects Artillery Officer
Construct Panzergrenadier Kompanie
Selects Designated Artillery Overwatch
Nebelwerfer 42 Rocket Launcher Team
Selects Call the Reserves!
Designated Artillery Overwatch
Nebelwerfer 42 Rocket Launcher Team
Selects Obice da 210/22 Artillery Emplacement
Construct Panzer Kompanie
Designated Artillery Overwatch